 Dungeon Crawl Stone Soup version 0.31.0-32-g396128a36d (webtiles) character file.

Game seed: 5764782909235149866

7341 Sparkwhistle the Fighter (level 11, -8/71 HPs)
             Began as a Kobold Shapeshifter on Mar 31, 2024.
             Was an Initiate of Gozag.
             Killed by divine providence
             ... invoked by an orc priest
              (15 damage)
             ... on level 10 of the Dungeon.
             The game lasted 00:18:00 (12425 turns).

Sparkwhistle the Fighter (Kobold Shapeshifter)     Turns: 12425, Time: 00:18:01

Health: -8/71      AC:  4    Str: 12    XL:     11   Next: 35%
Magic:  11/11      EV: 27    Int: 12    God:    Gozag
Gold:   1409       SH:  0    Dex: 18    Spells: 10/10 levels left

rFire   . .          .
                       - Unarmed
rCold   . . .        (shield currently unavailable)
rNeg    . . .        a - melded +0 animal skin
rPois   .            C - +0 helmet
rElec   .            p - +1 cloak
rCorr   .            y - +0 pair of gloves
SInv    .            (no boots)
Will    .....        (no amulet)
Stlth   ++           E - +5 ring of evasion
HPRegen 0.31/turn    L - ring of flight
MPRegen 0.12/turn

%: no passive effects
@: about to teleport, flux-form, flying, glowing
A: glow, contaminating, small, no large weapons, nightstalker 3
a: Begin Untransformation, Renounce Religion, Potion Petition, Call Merchant,
Bribe Branch


You were on level 10 of the Dungeon.
You worshipped Gozag.
Gozag was most pleased with you.
You were something dangerously unstable.
You visited 2 branches of the dungeon, and saw 11 of its levels.
You also visited: Ossuary.

You collected 1669 gold pieces.
You spent 192 gold pieces at shops.
You paid 68 gold pieces to Gozag.


Innate Abilities, Weirdness & Mutations

You are something dangerously unstable.
You glow with magical radiation, making you easy to see and hit.
Foes you strike become dangerously contaminated with magical radiation.
You are incapable of wielding weapons or throwing items.
You are small and have problems with some larger weapons.
You are completely attuned to the shadows.


   Skills:
 + Level 9.2 Fighting
 + Level 6.3 Dodging
 - Level 5.0 Stealth
 + Level 9.1 Unarmed Combat
 - Level 5.0 Evocations
 + Level 9.1 Shapeshifting


You had 10 spell levels left.
You didn't know any spells.
Your spell library contained the following spells:

 Spells                   Type           Power      Damage    Failure   Level
 Static Discharge         Conj/Air       0%         3-3/arc   45%         2
 Inner Flame              Hex/Fire       0%         N/A       69%         3
 Airstrike                Air            0%         2d(0-16)  97%         4
 Flame Wave               Conj/Fire      0%         2d4       97%         4
 Sticky Flame             Fire/Alch      0%         2d4       97%         4
 Summon Lightning Spire   Summ/Air       0%         N/A       97%         4

Inventory:

Missiles
 x - 2 datura-tipped darts (quivered)
Armour
 a - a +0 animal skin (melded)
 p - a +1 cloak (worn)
 y - a +0 pair of gloves (worn)
 C - a +0 helmet (worn)
Jewellery
 E - a +5 ring of evasion (left hand)
 L - a ring of flight (right hand)
Talismans
 c - a beast talisman
 d - a flux talisman (active)
 k - a dragon-blood talisman
Wands
 i - a wand of polymorph (15)
 v - a wand of paralysis (6)
 z - a wand of light (11)
Scrolls
 g - a scroll of amnesia {unknown}
 h - 2 scrolls of vulnerability {unknown}
 l - 2 scrolls of enchant armour {unknown}
 m - 2 scrolls of blinking {unknown}
 n - 2 scrolls of enchant weapon {unknown}
 o - 2 scrolls of immolation {unknown}
 r - 2 scrolls of revelation
 t - a scroll of teleportation {@r2}
 w - a scroll of fog
 B - 2 scrolls of acquirement {unknown}
Potions
 b - 2 potions of attraction
 e - a potion of might
 f - a potion of magic
 j - 2 potions of invisibility
 q - 2 potions of curing {@q1}
 s - 2 potions of mutation
 u - 2 potions of haste {@q3}
 A - a potion of resistance

Dungeon Overview and Level Annotations

Branches:
Dungeon (10/15)            Temple (1/1) D:4         Ossuary (visited)
   Lair: D:8-11         Orc: D:9-12

Altars:
Ashenzari
Cheibriados
Dithmenos
Elyvilon
Fedhas
Gozag
Hepliaklqana
Kikubaaqudgha
Makhleb
Nemelex Xobeh
Okawaru
Qazlal
Ru
Sif Muna
Trog
Uskayaw
Vehumet
Wu Jian
Xom
Yredelemnul
Zin
The Shining One

Shops:
D:3 :   D:8 * D:9

* ......
......
..........
.$..###...
....###...
..oo###...
..§o§p§§.
..§§y§§.§
....§§§§..
..........
.........


You could see a killer bee, 2 orc priests and an orc.


Message History

The orc warrior shouts!
As you read the scroll of teleportation {@r2}, it crumbles to dust.
You feel strangely unstable.
The killer bee is distracted by your dazzling golden aura.
The orc misses you. The orc closely misses you.
Unknown command.
The orc closely misses you.
The killer bee is no longer distracted by gold.
The orc hits you but does no damage.
Unknown command.
The orc attacks as it pursues you! The orc hits you with a +0 falchion.
* * * LOW HITPOINT WARNING * * *
Unknown command.
Your surroundings suddenly seem different. 2 orc priests come into view.
Found 12 gold pieces.
The orc priest shouts! x2; You hear a shout!
A killer bee comes into view.
An orc comes into view. It is wielding a +0 flail.
The orc priest mumbles some strange prayers to Beogh against you.
You struggle to resist.
As you read the scroll of fog, it dissolves into smoke.
As you read the scroll of teleportation {@r2}, it crumbles to dust.
You feel strangely unstable.
The killer bee stings you but does no damage.
The killer bee misses you. The killer bee completely misses you.
The orc priest invokes the aid of Beogh against you.
Beogh smites you!
You die...
Your body crumbles into a pile of gold.

Skill      XL: |  1  2  3  4  5  6  7  8  9 10 11 |
---------------+----------------------------------+-----
Fighting       | 2 3 5 6 8 9 |  9.2
Shapeshifting  | 4 7 8 9 |  9.1
Unarmed Combat | 4 5 6 8 9 |  9.1
Dodging        | 3 4 6 |  6.3
Evocations     | 5 |  5.0
Stealth        | 5 |  5.0

Action                     |  1- 3 |  4- 6 |  7- 9 | 10-12 || total
---------------------------+-------+-------+-------+-------++-------
  Melee: Unarmed           |   101 |   274 |   291 |   367 ||  1033
         Punch             |     1 |     5 |     1 |       ||     7
  Evoke: Wand              |       |       |       |     1 ||     1
    Use: Potion            |       |     2 |     1 |     6 ||     9
         Scroll            |       |       |     6 |     9 ||    15
   Stab: Sleeping          |     4 |     8 |     3 |     2 ||    17
         Distracted        |       |       |       |     3 ||     3
         Invisible         |       |       |       |     2 ||     2
 Armour: Animal skin       |    45 |    73 |     4 |       ||   122
         Skin              |       |    23 |    95 |   101 ||   219
  Dodge: Dodged            |    96 |   223 |   290 |   376 ||   985
   Form: Flux              |       |       |     1 |       ||     1

Levels and vault maps discovered:
D:1:      lightli_arrival_maybe_door_vault, layout_rooms
D:2:      layout_loops_ring, shapermc_ecumenical_altar_mp_vishouse,
          minmay_fractal_squares_5
D:3:      layout_rooms, nzn_hepliaklqana_mist_gate, serial_shops, shop,
          chequers_serial_rivers_large_a
D:4:      layout_gridville, minmay_temple_entry_proselytizer,
          mainiacjoe_ossuary_entry_find_the_door, kennysheep_generic_room_5,
          uniq_pikel
D:5:      layout_gridville, mainiacjoe_overflow_catwalk_spiral
D:6:      layout_layer_cave
D:7:      corexii_shack_village, layout_basic, uniq_prince_ribbit1
D:8:      layout_cave_pools, overflow_temple_1_default, serial_shops,
          shop_fountains
D:9:      layout_irregular_city, nicolae_qazlal_general_emergency,
          minmay_shop_damaged
D:10:     layout_big_octagon, minivault_25, uniq_erolcha
Temple:   bh_familiar_temple

Notes
Turn   | Place    | Note
-------+----------+-------------------------------------------
     0 | D:1      | Sparkwhistle the Kobold Shapeshifter began the quest for
                  | the Orb.
     0 | D:1      | Reached XP level 1. HP: 12/12 MP: 1/1
   156 | D:1      | Reached skill level 2 in Fighting
   162 | D:1      | Reached XP level 2. HP: 6/17 MP: 2/2
   359 | D:1      | Reached skill level 3 in Fighting
   359 | D:1      | Reached XP level 3. HP: 22/23 MP: 3/3
   867 | D:2      | Reached XP level 4. HP: 28/28 MP: 4/4
  1066 | D:2      | Reached skill level 4 in Shapeshifting
  1760 | D:2      | Found a faded altar of an unknown god.
  1902 | D:3      | Reached XP level 5. HP: 29/33 MP: 5/5
  2017 | D:3      | Found Ycan's Book Boutique.
  2181 | D:3      | Found a hazy altar of Hepliaklqana.
  2615 | D:4      | Reached skill level 4 in Fighting
  2669 | D:4      | Found a sand-covered staircase.
  2686 | Ossuary  | Entered an ossuary
  2713 | Ossuary  | Reached skill level 5 in Fighting
  2713 | Ossuary  | Reached XP level 6. HP: 26/40 MP: 6/6
  3246 | Ossuary  | Reached skill level 4 in Unarmed Combat
  3246 | Ossuary  | Reached XP level 7. HP: 44/44 MP: 7/7
  3254 | Ossuary  | Reached skill level 5 in Shapeshifting
  3702 | D:4      | Found a staircase to the Ecumenical Temple.
  3714 | D:4      | Reached skill level 6 in Shapeshifting
  3719 | Temple   | Entered the Ecumenical Temple
  3749 | Temple   | Became a worshipper of Gozag Ym Sagoz the Greedy
  3856 | D:4      | Noticed Pikel
  3898 | D:4      | Killed Pikel
  3899 | D:4      | Reached skill level 7 in Shapeshifting
  3899 | D:4      | Reached skill level 3 in Dodging
  3899 | D:4      | Reached XP level 8. HP: 43/50 MP: 8/8
  4748 | D:4      | Reached skill level 4 in Dodging
  4923 | D:4      | Reached skill level 6 in Fighting
  5011 | D:3      | Reached skill level 5 in Unarmed Combat
  5129 | D:5      | Entered Level 5 of the Dungeon
  5163 | D:5      | Reached XP level 9. HP: 48/55 MP: 9/9
  5205 | D:5      | Reached skill level 5 in Dodging
  5677 | D:5      | Reached skill level 1 in Evocations
  5890 | D:5      | Found an ancient bone altar of Kikubaaqudgha.
  5906 | D:5      | Reached skill level 6 in Unarmed Combat
  5906 | D:5      | Reached skill level 2 in Evocations
  5930 | D:5      | Found a white marble altar of Elyvilon.
  6001 | D:5      | Reached skill level 6 in Dodging
  6220 | D:6      | Reached skill level 3 in Evocations
  6438 | D:6      | Reached skill level 4 in Evocations
  6932 | D:6      | Reached skill level 5 in Evocations
  6939 | D:6      | Reached skill level 1 in Stealth
  7017 | D:6      | Reached skill level 3 in Stealth
  7832 | D:7      | Reached skill level 4 in Stealth
  7920 | D:7      | Reached skill level 5 in Stealth
  7995 | D:7      | Reached XP level 10. HP: 27/61 MP: 10/10
  8245 | D:7      | Noticed Prince Ribbit
  8467 | D:7      | Reached skill level 7 in Fighting
  8784 | D:7      | Reached skill level 7 in Unarmed Combat
  8803 | D:7      | Killed Prince Ribbit
  9909 | D:8      | Found a snail-covered altar of Cheibriados.
  9973 | D:8      | Found Doxturet's General Store.
  9978 | D:8      | Bought a potion of resistance for 120 gold pieces
  9978 | D:8      | Bought a scroll of fog for 48 gold pieces
  9978 | D:8      | Bought a scroll of identify for 24 gold pieces
 10154 | D:9      | Reached skill level 8 in Fighting
 10884 | D:9      | Reached skill level 8 in Unarmed Combat
 10890 | D:9      | Reached skill level 8 in Shapeshifting
 11211 | D:9      | Reached XP level 11. HP: 67/69 MP: 11/11
 11266 | D:9      | Found Pyemn's Lightly-Used Armoury.
 11322 | D:9      | Noticed a two-headed ogre
 11343 | D:9      | HP: 2/69 [two-headed ogre/+0 giant club (8)]
 11344 | D:9      | Killed a two-headed ogre
 11345 | D:9      | Reached skill level 9 in Fighting
 11347 | D:9      | Reached skill level 9 in Unarmed Combat
 11347 | D:9      | Reached skill level 9 in Shapeshifting
 11825 | D:9      | Found a stormy altar of Qazlal.
 11988 | D:10     | Entered Level 10 of the Dungeon
 12011 | D:10     | HP: 4/71 [gargoyle/+0 flail (23)]
 12416 | D:10     | HP: 4/71 [orc/+0 falchion (5)]
 12421 | D:10     | HP: 6/71 [orc/+0 falchion (5)]
 12425 | D:10     | Killed from afar by an orc priest

Vanquished Creatures
  A two-headed ogre (D:9)
  Pikel (D:4)
  A gargoyle (D:10)
  Prince Ribbit (D:7)
  2 wyverns
  11 yaks (D:9)
  A steam dragon (D:7)
  A water moccasin (D:5)
  4 ice beasts
  A black bear (D:7)
  3 orc warriors
  2 sky beasts
  2 ogres (D:5)
  2 centaurs
  2 phantoms
  3 kobold brigands
  3 bullfrogs (D:7)
  7 scorpions
  7 killer bees (D:9)
  5 howler monkeys
  3 bombardier beetles
  A jelly (D:6)
  2 hounds
  4 orc priests
  4 scorpion zombies (Ossuary)
  2 iguanas
  11 orc wizards
  A hound skeleton (D:4)
  2 hound zombies (D:4)
  3 mummies (Ossuary)
  2 adders
  A gnoll (D:2)
  A white imp (D:5)
  4 ufetubi
  2 adder zombies
  3 adder skeletons (D:4)
  2 dart slugs (D:1)
  3 ribbon worms
  19 orcs
  8 endoplasms
  8 giant cockroaches
  9 goblins
  9 hobgoblins
  12 jackals
  4 quokkas
  9 ball pythons
  5 bats
  7 frilled lizards
  6 gnoll zombies (Ossuary)
  5 jackal zombies (Ossuary)
  21 kobolds
  A kobold zombie (Ossuary)
  5 rats
239 creatures vanquished.

Table legend: (Time is in decaauts)
 A = Elapsed time spent in this place.
 B = Non-inter-level travel time spent in this place.
 C = Inter-level travel time spent in this place.
 D = Time resting spent in this place.
 E = Time spent auto-exploring this place.
 F = Levels seen in this place.
 G = Mean time per level.
                   A        B        C        D        E       F      G
               +--------+--------+--------+--------+--------+-----+--------+
         Total |  12340 |  11745 |    595 |   2192 |   7638 |  12 | 1028.3 |
       Dungeon |  11391 |  10855 |    536 |   1588 |   7549 |  10 | 1139.1 |
        Temple |     59 |      1 |     58 |      0 |      0 |   1 |   59.0 |
       Ossuary |    889 |    889 |      0 |    604 |     89 |   1 |  889.0 |
               +--------+--------+--------+--------+--------+-----+--------+

Top non-repeatable levels by time:
     D:6: 1752 daAuts
     D:9: 1610 daAuts
     D:4: 1517 daAuts
     D:8: 1230 daAuts
     D:7: 1152 daAuts
     D:2: 1090 daAuts
     D:5: 1054 daAuts
 Ossuary: 889 daAuts
     D:1: 780 daAuts
     D:3: 770 daAuts
    D:10: 432 daAuts
  Temple: 59 daAuts

Table legend:
 A = Non-vault XP
 B = Vault XP
 C = Vault XP percentage of total XP
 D = Non-vault monster count
 E = Vault monster count
 F = Vault count percentage of total count
                 A         B        C        D         E       F
            +---------+---------+-------+---------+---------+-------
      Total |    8976 |    1512 |  14.4 |     189 |      50 |  20.9
            +---------+---------+-------+---------+---------+-------
        D:1 |      56 |       0 |   0.0 |      31 |       0 |   0.0
        D:2 |      48 |      24 |  33.3 |      25 |       8 |  24.2
        D:3 |      67 |       0 |   0.0 |       8 |       0 |   0.0
        D:4 |     504 |     796 |  61.2 |      15 |      10 |  40.0
        D:5 |     687 |       0 |   0.0 |      17 |       0 |   0.0
        D:6 |     755 |       0 |   0.0 |      15 |       0 |   0.0
        D:7 |    1047 |     309 |  22.8 |      16 |      10 |  38.5
        D:8 |    1254 |       0 |   0.0 |      31 |       0 |   0.0
        D:9 |    3748 |       0 |   0.0 |      27 |       0 |   0.0
       D:10 |     810 |       0 |   0.0 |       4 |       0 |   0.0
    Ossuary |       0 |     383 | 100.0 |       0 |      22 | 100.0
            +---------+---------+-------+---------+---------+-------
